 Dungeon Crawl Stone Soup version 0.27-a0-1256-gced786f65e (webtiles) character file.

Game seed: 14155039130024261577

105 porpoise the Conjurer (level 4, -1/24 HPs)
             Began as a Deep Elf Conjurer on June 11, 2021.
             Slain by Sigmund
             ... wielding a +0 scythe
              (7 damage)
             ... on level 3 of the Dungeon.
             The game lasted 00:06:44 (2418 turns).

porpoise the Conjurer (Deep Elf Conjurer)           Turns: 2418, Time: 00:06:44

Health: -1/24      AC:  4    Str:  4    XL:     4   Next: 53%
Magic:  5/13       EV: 12    Int: 24    God:
Gold:   48         SH:  0    Dex: 13    Spells: 2/13 levels left

rFire    . . .     SeeInvis .   b - +0 hunting sling
rCold    . . .     Faith    .   (no shield)
rNeg     . . .     Spirit   .   g - +0 robe
rPois    .         Reflect  .   m - +1 helmet
rElec    .         Harm     .   (no cloak)
rCorr    .         Rampage  .   (no gloves)
Will     .....                  (no boots)
Stlth    ++........             (no amulet)
HPRegen  0.08/turn              (no ring)
MPRegen  0.13/turn              (no ring)

@: no status effects
A: no striking features
a: no special abilities


You were on level 3 of the Dungeon.
You visited 1 branch of the dungeon, and saw 3 of its levels.

You collected 48 gold pieces.

Inventory:

Hand Weapons
 a - a +0 dagger of venom
 b - a +0 hunting sling (weapon)
Missiles
 c - 70 stones
 e - 27 poisoned darts
 f - 21 arrows
 l - 9 sling bullets (quivered ammo)
Armour
 g - a +0 robe (worn)
 m - a +1 helmet (worn)
Scrolls
 d - a scroll of vulnerability {unknown}
 h - a scroll of fog {unknown}
 j - a scroll of summoning {unknown}
 n - a scroll of noise {unknown}
Potions
 i - a potion of brilliance {unknown}
 k - 2 potions of lignification {unknown}


   Skills:
 + Level 0.1 Fighting
 - Level 2.4 Dodging
 - Level 2.4 Stealth
 - Level 5.0 Spellcasting
 + Level 5.6 Conjurations


You had 2 spell levels left.
You knew the following spells:

 Your Spells              Type           Power      Damage    Failure   Level
a - Magic Dart            Conj           100%       1d8       1%          1
b - Searing Ray           Conj           66%        3d5       1%          2
c - Iskenderun's Mystic   Conj/Tloc      19%        2d6       28%         4
d - Fulminant Prism       Conj/Hex       9%         3d7       28%         4

Your spell library contained the following spells:

 Spells                   Type           Power      Damage    Failure   Level
 Dazzling Flash           Conj/Hex       38%        N/A       9%          3


Dungeon Overview and Level Annotations

Branches:
Dungeon (3/15)

Altars:

Annotations:
D:3 Sigmund


Message History

Sigmund shouts!
Sigmund casts a spell at you.
You are confused.
You see here a sling bullet.
You bump into the rock wall.
Sigmund smiles chillingly.
You see here a sling bullet.
You bump into the rock wall.
You feel less confused.
Casting: Searing Ray (safe; 1% risk of failure)
Confirm with . or Enter, or press ? or * to list all spells.
Aiming: Searing Ray (safe; 1% risk of failure)
Press: ? - help, Shift-Dir - straight line, f - Sigmund
Aim: Sigmund, wielding a +0 scythe and wearing a +0 robe (78% to hit)
The searing ray hits Sigmund!
Sigmund is moderately wounded. (Press . to maintain the ray.)
The searing ray hits Sigmund!
Sigmund is heavily wounded.
Sigmund laughs darkly.
Sigmund hits you from afar with a +0 scythe!
The searing ray hits Sigmund.
Sigmund is severely wounded.
Sigmund closely misses you.
The searing ray hits Sigmund.
Sigmund is almost dead.
You finish channeling your searing ray.
Sigmund hits you from afar with a +0 scythe!
* * * LOW HITPOINT WARNING * * *
Casting: Searing Ray (safe; 1% risk of failure)
Confirm with . or Enter, or press ? or * to list all spells.
Aiming: Searing Ray (safe; 1% risk of failure)
Press: ? - help, Shift-Dir - straight line, f/p - Sigmund
Aim: Sigmund, wielding a +0 scythe and wearing a +0 robe (almost dead, 78% to hit)
The searing ray misses Sigmund. (Press . to maintain the ray.) Sigmund misses you.
The searing ray misses Sigmund.
Sigmund hits you from afar with a +0 scythe!
You die...

....# ...
..( #.#
#.# #.# #.
#@##
#..#..#
#.##@#
#..#.##
#....###
##.#...#
#..†#.###
###.<...#
###.......
##.....
....#


You could see Sigmund.

Vanquished Creatures
  Robin (D:2)
  2 adders (D:2)
  A worm (D:2)
  2 dart slugs (D:1)
  5 ball pythons
  4 bats
  5 endoplasms
  2 giant cockroaches
  16 goblins
  4 hobgoblins
  3 jackals (D:1)
  6 quokkas (D:1)
  A frilled lizard (D:1)
  5 kobolds (D:1)
  2 rats
59 creatures vanquished.

Notes
Turn   | Place    | Note
-------+----------+-------------------------------------------
     0 | D:1      | porpoise the Deep Elf Conjurer began the quest for the Orb.
     0 | D:1      | Reached XP level 1. HP: 10/10 MP: 6/6
   143 | D:1      | Reached XP level 2. HP: 15/15 MP: 2/8
   206 | D:1      | Learned a level 2 spell: Searing Ray
   737 | D:1      | Reached skill level 5 in Conjurations
   737 | D:1      | Reached XP level 3. HP: 19/19 MP: 7/10
  1310 | D:2      | Found a faded altar of an unknown god.
  1314 | D:2      | Noticed Robin
  1546 | D:2      | Reached XP level 4. HP: 24/24 MP: 10/12
  1961 | D:2      | Killed Robin
  1962 | D:2      | Reached skill level 5 in Spellcasting
  1967 | D:2      | Learned a level 4 spell: Iskenderun's Mystic Blast
  2116 | D:2      | Learned a level 4 spell: Fulminant Prism
  2406 | D:3      | Noticed Sigmund
  2418 | D:3      | Slain by Sigmund

Illustrated notes

Levels and vault maps discovered:
D:1:      ncdulo_lavacross, layout_loops_ring
D:2:      layout_loops_ring, basic_ecumenical_altar, uniq_robin
D:3:      layout_rooms, grunt_decor_junction, uniq_natasha, uniq_sigmund

Skill      XL: |  1  2  3  4 |
---------------+-------------+-----
Spellcasting   | 4 5 |  5.0
Conjurations   | 5 |  5.6
Fighting       | |  0.1
Dodging        | |  2.4
Stealth        | |  2.4

Action                   |  1- 3 |  4- 6 || total
-------------------------+-------+-------++-------
Melee: Dagger            |     4 |     1 ||     5
 Fire: Hunting sling     |     2 |     5 ||     7
Throw: Dart              |     2 |       ||     2
 Cast: Magic Dart        |    45 |    22 ||    67
       Searing Ray       |     8 |     7 ||    15
Armor: Robe              |     3 |     4 ||     7
Dodge: Dodged            |    14 |     5 ||    19

Table legend: (Time is in decaauts)
 A = Elapsed time spent in this place.
 B = Non-inter-level travel time spent in this place.
 C = Inter-level travel time spent in this place.
 D = Time resting spent in this place.
 E = Time spent auto-exploring this place.
 F = Levels seen in this place.
 G = Mean time per level.
                   A        B        C        D        E       F      G
               +--------+--------+--------+--------+--------+-----+--------+
         Total |   2417 |   2354 |     63 |   1127 |    944 |   3 |  805.7 |
       Dungeon |   2417 |   2354 |     63 |   1127 |    944 |   3 |  805.7 |
               +--------+--------+--------+--------+--------+-----+--------+

Top non-repeatable levels by time:
     D:1: 1358 daAuts
     D:2: 1011 daAuts
     D:3: 48 daAuts
